 Dungeon Crawl Stone Soup version 0.24-a0-434-gd57e52fea8 (webtiles) character file.

Game seed: 15117202857086412942

2 wampus the Magician (level 1, 0/15 HPs)
             Began as a Naga Wizard on June 15, 2019.
             Slain by a goblin (3 damage)
             ... on level 1 of the Dungeon.
             The game lasted 00:00:30 (44 turns).

wampus the Magician (Naga Wizard)                     Turns: 44, Time: 00:00:30

Health: 0/15       AC:  1    Str:  9    XL:     1   Next: 30%
Magic:  0/4        EV: 10    Int: 18    God:
Gold:   0          SH:  0    Dex:  9    Spells: 5/6 levels left

rFire    . . .     SeeInvis +   (no weapon)
rCold    . . .     Gourm    .   (no shield)
rNeg     . . .     Faith    .   a - +0 robe
rPois    +         Spirit   .   b - +0 hat
rElec    .         Reflect  .   (no cloak)
rCorr    .         Harm     .   (no gloves)
MR       .....                  (no barding)
Stlth    ++........             (no amulet)
HPRegen  0.05/turn              (no ring)
MPRegen  0.09/turn              (no ring)

@: very slightly contaminated, very slow
A: large, see invisible, deformed body, poison resistance, slowness 2, slow
metabolism 1, spit poison 1, AC +0
a: Spit Poison


You were on level 1 of the Dungeon.
You were not hungry.

You visited 1 branch of the dungeon, and saw 1 of its levels.

Inventory:

Armour
 a - a +0 robe (worn)
 b - a +0 hat (worn)
Scrolls
 c - 3 scrolls of teleportation {unknown}
Comestibles
 d - a ration


   Skills:
 - Level 1.5 Dodging
 - Level 3.0 Stealth
 + Level 3.1 Spellcasting
 + Level 1.0 Conjurations
   Level 1.0 Summonings
   Level 1.0 Translocations


You had 5 spell levels left.
You knew the following spells:

 Your Spells              Type           Power        Failure   Level  Hunger
a - Magic Dart            Conj           #...         11%         1    None

Your spell library contained the following spells:

 Spells                   Type           Power        Failure   Level  Hunger
 Blink                    Tloc           N/A          16%         2    ##.....
 Call Imp                 Summ           #.......     16%         2    ##.....
 Slow                     Hex            #.......     24%         2    ##.....
 Conjure Flame            Conj/Fire      #.......     36%         3    ###....
 Mephitic Cloud           Conj/Pois/Air  #.......     38%         3    ###....


Dungeon Overview and Level Annotations

Branches:
Dungeon (1/15)

Altars:


Innate Abilities, Weirdness & Mutations

You cannot wear boots.
Your serpentine skin is tough. (AC +0)
You have supernaturally acute eyesight. (SInv)
Armour fits poorly on your strangely shaped body.
Your system is resistant to poisons. (rPois)
You cover ground very slowly.
You have a slow metabolism.
You can spit poison.


Message History

The air around you crackles with energy!
The bat closely misses you. The goblin hits you.
You barely miss the goblin. The goblin closely misses you.
You closely miss the goblin. The bat hits you but does no damage.
The goblin hits you.
You completely miss the goblin. The bat closely misses you.
The goblin closely misses you.
You hit the goblin but do no damage. The bat barely misses you.
The goblin barely misses you.
You closely miss the goblin. The bat hits you. The goblin closely misses you.
You closely miss the goblin. The bat barely misses you. The goblin hits you.
* * * LOW HITPOINT WARNING * * *
You hit the goblin.
The goblin is heavily wounded.
The goblin misses you. The bat hits you.
* * * LOW HITPOINT WARNING * * *
You barely miss the goblin.
The goblin is heavily wounded.
The bat completely misses you. The goblin hits you.
You die...

###### #######
##.....##.....##
#..............#####
................#...#
.....................#
......................#
......................#
>......g@.............#
.^..?..b.............#
..†...$........#.....##
.†......#.............#
......................#
..#..#.###.###........#
. #..#. #......#.....##
#..#. #......##...##
##......# ####


You could see a goblin and a bat.

Vanquished Creatures
  A kobold (D:1)
  A frilled lizard (D:1)
2 creatures vanquished.

Notes
Turn   | Place    | Note
-------+----------+-------------------------------------------
     0 | D:1      | wampus the Naga Wizard began the quest for the Orb.
     0 | D:1      | Reached XP level 1. HP: 15/15 MP: 4/4
    44 | D:1      | Slain by a goblin

Levels and vault maps discovered:
D:1:      eino_arrival_water_cross, layout_rooms

Action                   || total
-------------------------++-------
Melee: Unarmed           ||    15
 Cast: Magic Dart        ||     4
Armor: Robe              ||     9
Dodge: Dodged            ||    14

Table legend:
 A = Non-vault XP
 B = Vault XP
 C = Vault XP percentage of total XP
 D = Non-vault monster count
 E = Vault monster count
 F = Vault count percentage of total count
                 A         B        C        D         E       F
            +---------+---------+-------+---------+---------+-------
      Total |       3 |       0 |   0.0 |       2 |       0 |   0.0
            +---------+---------+-------+---------+---------+-------
        D:1 |       3 |       0 |   0.0 |       2 |       0 |   0.0
            +---------+---------+-------+---------+---------+-------
